 Dungeon Crawl Stone Soup version 0.31-a0-455-g1a7b003ef0 (webtiles) character file.

Game seed: 12093356285931999836

897 LeprechaunX the Ruffian (level 8, -6/54 HPs)
             Began as an Octopode Shapeshifter on Aug 3, 2023.
             Killed from afar by a gnoll (16 damage)
             ... with an iceblast
             ... on level 5 of the Dungeon.
             The game lasted 00:06:58 (3504 turns).

LeprechaunX the Ruffian (Octopode Shapeshifter)     Turns: 3504, Time: 00:06:58

Health: -6/54      AC:  1    Str: 16    XL:     8   Next: 7%
Magic:  8/8        EV: 14    Int: 10    God:
Gold:   224        SH:  0    Dex: 13    Spells: 7/7 levels left

rFire   . .          .
                       - Unarmed
rCold   . . .        (no shield)
rNeg    + + .        (helmet currently unavailable)
rPois   .            r - amulet "Xif Arou" {RegenMP rElec rN+ Stlth+}
rElec   +            f - ring of positive energy
rCorr   .            p - ring of flight
SInv    .            (no ring)
Will    .....        (no ring)
Stlth   +++          (no ring)
HPRegen 0.29/turn    (no ring)
MPRegen 0.51/turn    (no ring)
                     (no ring)

%: no passive effects
@: beast-form, flying
A: beast (slay +3), almost no armour, amphibious, 8 rings, camouflage 1,
gelatinous body 1, (nimble swimmer 1), tentacles
a: Begin Untransformation


You were on level 5 of the Dungeon.
You were a hulking beast.
You visited 1 branch of the dungeon, and saw 5 of its levels.

You collected 224 gold pieces.

Inventory:

Missiles
 j - 2 poisoned darts
 n - 5 boomerangs (quivered)
 q - 2 throwing nets
Jewellery
 e - a ring of ice
 f - a ring of positive energy (left tentacle)
 p - a ring of flight (right tentacle)
 r - the amulet "Xif Arou" (around mantle) {RegenMP rElec rN+ Stlth+}
   (You found it on level 4 of the Dungeon)

   [amulet of magic regeneration]

   It increases your rate of magic regeneration.
   rElec:     It insulates you from electricity.
   rN:        It protects you from negative energy.
   Stlth:     It makes you more stealthy.
Talismans
 b - a beast talisman (active)
Wands
 o - a wand of flame (3)
 u - a wand of light (5)
Scrolls
 c - 2 scrolls of revelation {unknown}
 g - 2 scrolls of teleportation {unknown}
 i - a scroll of fog {unknown}
 k - a scroll of identify {unknown}
 l - 2 scrolls of blinking {unknown}
 m - a scroll of brand weapon {unknown}
 t - a scroll of vulnerability {unknown}
Potions
 a - 3 potions of lignification
 d - a potion of heal wounds {unknown}
 h - 3 potions of might {unknown}
 s - a potion of ambrosia {unknown}
 v - a potion of cancellation {unknown}
 w - a potion of attraction {unknown}


   Skills:
 + Level 3.9 Fighting
 + Level 4.4 Dodging
 * Level 6.4 Unarmed Combat
 + Level 4.4 Shapeshifting


You had 7 spell levels left.
You didn't know any spells.
Your spell library contained the following spells:

 Spells                   Type           Power      Damage    Failure   Level
 Magic Dart               Conj           0%         1d3       36%         1
 Searing Ray              Conj           0%         2d4       50%         2
 Fulminant Prism          Conj/Hex       0%         3d5       98%         4


Dungeon Overview and Level Annotations

Branches:
Dungeon (5/15)
 Temple: D:4-7

Altars:


Innate Abilities, Weirdness & Mutations

You are a hulking beast.
Your limbs bulge with bestial killing power. (Slay +3)
You cannot wear most types of armour.
You are amphibious.
You can wear up to eight rings at the same time.
Your skin changes colour to match your surroundings (Stealth+).
Your rubbery body absorbs attacks. (AC +1, EV +1)
((You are camouflaged when in or above water. (Stealth+)))
You have tentacles for arms and can constrict up to eight enemies at once.


Message History

You throw a boomerang. The boomerang hits the ogre.
The ogre is heavily wounded.
Throw: 5 boomerangs
Press: ? - help, Q - select action, (/) - cycle Shift-Dir - straight line, f/p - ogre
Aim: an ogre, wielding a +0 giant club (heavily wounded, 74% to hit)
You throw a boomerang. The boomerang hits the ogre.
The ogre is severely wounded.
Throw: 5 boomerangs
Press: ? - help, Q - select action, (/) - cycle Shift-Dir - straight line, f/p - ogre
Aim: an ogre, wielding a +0 giant club (severely wounded, 74% to hit)
You throw a boomerang.
The boomerang hits the ogre but does no damage.
The ogre is severely wounded.
Throw: 5 boomerangs
Press: ? - help, Q - select action, (/) - cycle Shift-Dir - straight line, f/p - ogre
Aim: an ogre, wielding a +0 giant club (severely wounded, 74% to hit)
You throw a boomerang. The boomerang hits the ogre.
The ogre is almost dead.
You tentacle-slap the ogre but do no damage.
You tentacle-slap the ogre.
The ogre is almost dead.
The ogre hits you with a +0 giant club!
You tentacle-slap the ogre.
You kill the ogre!
The gnoll hits you from afar with a +0 spear!
You have reached level 8!
The gnoll zaps a wand.
The mass of ice explodes!
The iceblast engulfs you!
You hear a shout!
The gnoll throws a throwing net.
The throwing net hits you.
You become entangled in the net!
You see here a throwing net.
You tear a large gash into the net.
You struggle against the net.
You rip the net and break free!
The gnoll zaps a wand.
The mass of ice explodes!
The iceblast engulfs you!
* * * LOW HITPOINT WARNING * * *
Unknown command.
The gnoll throws a throwing net.
The throwing net misses you.
The gnoll zaps a wand.
The mass of ice explodes!
The iceblast engulfs you!
You die...

.# .# ####### ####.#
#.....### #....###
#.......###.......
#....g...h.(.# ###
#.......##...# ##### #..
#.).....##...###...#####.#
#.......##...#.....'...#.#
......#..##...#.#...###.#..
.....g....##...#.....#
#.###
.......................#
#.#.#
...........#####.#...#.#
#.#.# ...........?
#.#...#.# #.#.#


You could see 2 gnolls.

Vanquished Creatures
  Pikel (D:4)
  An ogre (D:5)
  A scorpion (D:5)
  A jelly (D:5)
  An orc priest (D:3)
  A hound (D:4)
  An orc wizard (D:3)
  4 adders
  5 gnolls
  A worm (D:2)
  A dart slug (D:1)
  6 orcs (D:3)
  5 endoplasms
  4 giant cockroaches
  7 goblins
  12 hobgoblins
  3 quokkas
  6 ball pythons
  4 bats
  6 frilled lizards
  7 kobolds
  21 rats
99 creatures vanquished.

Notes
Turn   | Place    | Note
-------+----------+-------------------------------------------
     0 | D:1      | LeprechaunX the Octopode Shapeshifter began the quest for
                  | the Orb.
     0 | D:1      | Reached XP level 1. HP: 13/13 MP: 1/1
   173 | D:1      | Reached XP level 2. HP: 16/18 MP: 2/2
   370 | D:1      | Reached XP level 3. HP: 23/23 MP: 3/3
  1103 | D:2      | Reached XP level 4. HP: 29/29 MP: 4/4
  1621 | D:2      | Reached skill level 4 in Unarmed Combat
  1789 | D:3      | Identified the +1 robe "Kuereiss" {Drain rElec Will+}
  1809 | D:3      | Reached XP level 5. HP: 19/34 MP: 5/5
  2470 | D:4      | Noticed a lemure
  2470 | D:4      | Noticed a lemure
  2686 | D:4      | Reached XP level 6. HP: 10/41 MP: 6/6
  2852 | D:4      | Identified the amulet "Xif Arou" {RegenMP rElec rN+ Stlth+}
  2908 | D:4      | Noticed Pikel
  3013 | D:4      | Killed Pikel
  3014 | D:4      | Reached skill level 6 in Unarmed Combat
  3014 | D:4      | Reached XP level 7. HP: 36/46 MP: 7/7
  3287 | D:5      | Entered Level 5 of the Dungeon
  3496 | D:5      | Reached XP level 8. HP: 32/54 MP: 8/8
  3504 | D:5      | Killed from afar by a gnoll

Illustrated notes

Levels and vault maps discovered:
D:1:      eino_arrival_cavern_a, layout_basic
D:2:      layout_loops_ring, minmay_misc_feat_tiny, minmay_misc_feat_columns,
          minmay_rat_hole
D:3:      layout_rooms
D:4:      layout_loops_cross, kennysheep_cross_room, uniq_pikel
D:5:      layout_basic

Skill      XL: |  1  2  3  4  5  6 |
---------------+-------------------+-----
Unarmed Combat | 4 6 |  6.4
Fighting       | 2 3 |  3.9
Dodging        | 3 4 |  4.4
Shapeshifting  | 4 |  4.4

Action                     |  1- 3 |  4- 6 |  7- 9 || total
---------------------------+-------+-------+-------++-------
  Melee: Unarmed           |    55 |   103 |    11 ||   169
         Constrict         |    16 |    21 |     2 ||    39
         Tentacles         |     3 |    17 |     2 ||    22
         Punch             |     1 |     4 |     2 ||     7
  Throw: Boomerang         |       |    45 |     8 ||    53
   Stab: Sleeping          |     5 |     6 |     1 ||    12
         Distracted        |       |     1 |       ||     1
 Armour: Skin              |     3 |     7 |     1 ||    11
  Dodge: Dodged            |    22 |    53 |     2 ||    77

Table legend: (Time is in decaauts)
 A = Elapsed time spent in this place.
 B = Non-inter-level travel time spent in this place.
 C = Inter-level travel time spent in this place.
 D = Time resting spent in this place.
 E = Time spent auto-exploring this place.
 F = Levels seen in this place.
 G = Mean time per level.
                   A        B        C        D        E       F      G
               +--------+--------+--------+--------+--------+-----+--------+
         Total |   3506 |   3224 |    282 |    362 |   2198 |   5 |  701.2 |
       Dungeon |   3506 |   3224 |    282 |    362 |   2198 |   5 |  701.2 |
               +--------+--------+--------+--------+--------+-----+--------+

Top non-repeatable levels by time:
     D:1: 947 daAuts
     D:4: 921 daAuts
     D:2: 800 daAuts
     D:3: 620 daAuts
     D:5: 216 daAuts
